Map: New Bed of Chaos LE

Players

Wicket

  • Race: Zerg Zerg

AIphaStar

  • Race: Protoss Protoss
  • League: Master

VilugArZa

  • Race: Zerg Zerg
  • League: Platinum

ROMA

  • Race: Terran Terran

VOD

Have the link to the VOD?

Description

Time

  • Played on: April 20, 2026, 11:31 p.m.
  • Length: 9:12
Show
View Real Time Build Order
Export as new Build Order

Wicket Zerg 

Build Orders: 3 Hatch before Pool 

Get SALT Encoding   

  12  0:05  Drone  
  13  0:09  Drone  
  14  0:18  Overlord  
  14  0:37  Drone x2  
  14  0:38  Drone  
  17  0:49  Drone  
  18  1:00  Drone  
  19  1:05  Hatchery  
  19  1:10  Drone  
  19  1:21  Hatchery  
  18  1:28  Drone  
  18  1:31  Extractor  
  18  1:33  Drone  
  19  1:42  Spawning Pool  
  19  1:44  Drone  
  19  1:54  Drone  
  20  2:04  Drone  
  21  2:16  Drone  
  21  2:17  Drone  
  21  2:21  Hatchery  
  22  2:27  Drone  
  22  2:28  Drone  
  24  2:34  Drone  
  24  2:36  Metabolic Boost  
  25  2:38  Overlord  
  25  2:40  Drone  
  26  2:47  Drone x2  
  26  2:50  Drone  
  29  2:59  Drone x2  
  29  3:00  Drone  
  29  3:04  Extractor  
  31  3:12  Extractor  
  30  3:14  Overlord  
  30  3:15  Drone x2  
  30  3:17  Drone  
  33  3:20  Drone  
  33  3:21  Drone  
  33  3:27  Drone  
  36  3:30  Drone  
  37  3:34  Zergling x4  
  37  3:37  Zergling x2  
  40  3:41  Drone  
  40  3:43  Evolution Chamber  
  40  3:44  Zergling x4  
  42  3:49  Queen  
  42  3:51  Drone  
  42  3:52  Zergling x2  
  46  3:55  Drone  
  46  3:57  Drone  
  46  3:59  Zergling x2  
  49  4:03  Overlord  
  49  4:04  Zergling x2  
  49  4:06  Zergling x2  
  51  4:11  Zergling x2  
  51  4:16  Pneumatized Carapace  
  52  4:21  Drone x4, Extractor  
  56  4:24  Zergling x2  
  56  4:28  Zerg Melee Weapons Level 1  
  56  4:32  Lair  
  56  4:34  Zergling x6  
  59  4:39  Baneling Nest  
  59  4:41  Drone x2  
  59  4:42  Overlord, Spore Crawler  
  59  4:43  Overlord  
  59  4:46  Drone  
  59  4:47  Drone  
  59  4:49  Drone  
  62  4:53  Drone  
  63  5:02  Zergling x2  
  63  5:03  Zergling x10  
  69  5:14  Zergling x2  
  69  5:15  Spore Crawler, Zergling x6  
  71  5:33  Baneling x6  
  71  5:34  Baneling  
  71  5:35  Centrifugal Hooks  
  70  5:37  Baneling x3  
  70  5:38  Baneling x6  
  70  5:39  Baneling x4  
  70  5:40  Zergling x2  
  70  5:41  Zergling x12  
  70  5:42  Zergling x2  
  77  5:43  Zergling x2  
  77  5:44  Zergling x2  
  79  5:53  Overlord  
  79  5:54  Overlord  
  79  5:55  Overlord  
  69  6:17  Zergling x4  
  69  6:18  Zergling x18  
  62  6:19  Overseer  
  62  6:23  Zerg Ground Armor Level 1  
  62  6:24  Zergling x2  
  63  6:31  Queen  
  62  6:33  Zergling x8  
  66  6:50  Zergling x2  
  66  6:51  Zergling x10  
  72  6:55  Baneling x4  
  72  6:56  Baneling  
  72  6:58  Zergling x2  
  73  7:04  Evolution Chamber, Hatchery  
  73  7:07  Infestation Pit  
  70  7:26  Zergling x24  
  82  7:42  Drone  
  82  7:43  Overlord x2  
  83  7:45  Overlord  
  83  7:47  Overseer  
  83  7:51  Baneling x5  
  83  7:52  Baneling x3  
  83  7:53  Baneling  
  83  7:54  Baneling x2  
  83  8:23  Drone  
  83  8:24  Drone x6  
  90  8:30  Overseer  
  90  8:42  Baneling  
  90  8:43  Baneling x6  
  90  8:44  Baneling x6  
  90  8:45  Baneling x6  
  90  8:46  Baneling x3  
  90  8:49  Drone  
  90  8:50  Drone  
  90  8:52  Drone x2  
Show
View Real Time Build Order
Export as new Build Order

AIphaStar Protoss 

Build Orders: 1 Gate Expand 

Get SALT Encoding   

  12  0:00  Probe  
  13  0:12  Probe  
  14  0:24  Pylon  
  14  0:27  Probe  
  15  0:39  Probe  
  16  0:42  Gateway  
  16  0:47  Probe  
  17  0:58  Assimilator  
  17  1:04  Probe  
  18  1:16  Probe  
  19  1:35  Probe  
  19  1:37  Nexus  
  20  1:43  Cybernetics Core  
  20  1:48  Pylon  
  20  1:49  Probe  
  21  1:55  Assimilator  
  21  2:01  Probe  
  22  2:12  Stalker  
  22  2:14  Probe  
  25  2:27  Probe  
  26  2:36  Twilight Council  
  26  2:37  Warp Gate  
  26  2:39  Probe  
  26  2:40  Gateway  
  26  2:50  Probe  
  27  2:51  Probe  
  28  3:00  Probe  
  28  3:01  Probe  
  30  3:06  Robotics Facility  
  30  3:08  Probe  
  30  3:09  Probe  
  31  3:17  Probe  
  31  3:18  Probe  
  32  3:21  Charge  
  34  3:31  Probe  
  35  3:34  Gateway  
  35  3:45  Probe x2  
  35  3:46  Shield Battery  
  35  3:47  Shield Battery  
  35  3:58  Adept  
  35  4:00  Adept  
  35  4:02  Probe x2  
  41  4:06  Pylon  
  41  4:09  Warp Prism  
  43  4:31  Gateway  
  43  4:32  Zealot  
  43  4:35  Gateway  
  43  4:36  Zealot  
  43  4:37  Gateway  
  47  4:43  Gateway, Pylon  
  47  4:54  Gateway  
  47  4:55  Gateway x2  
  47  5:03  Gateway  
  47  5:12  Zealot  
  47  5:13  Zealot x2  
  53  5:33  Zealot x2  
  53  5:34  Zealot x2  
  61  5:46  Pylon x2  
  61  5:47  Pylon  
  53  6:07  Pylon  
  53  6:09  Pylon, Zealot x6  
  53  6:11  Pylon  
  53  6:29  Probe x2  
  53  6:32  Gateway  
  49  6:33  Zealot  
  49  6:34  Zealot x5  
  47  6:54  Zealot x2  
  47  6:55  Zealot x4  
  55  7:33  Probe x2  
  57  7:37  Gateway  
  57  7:38  Gateway  
  57  7:40  Zealot x3  
  57  7:41  Zealot x3  
  69  7:45  Probe x2  
  69  7:50  Nexus  
  71  7:53  Forge  
  71  7:55  Zealot, Forge  
  71  7:57  Pylon  
  73  8:15  Zealot x4  
  73  8:17  Zealot  
  73  8:18  Zealot x2  
  85  8:35  Zealot  
  85  8:36  Zealot x5  
  77  9:07  Zealot  
  77  9:08  Zealot x5  
  77  9:09  Zealot x2  
Show
View Real Time Build Order
Export as new Build Order

VilugArZa Zerg 

Build Orders: Hatch First 

Get SALT Encoding   

  12  0:00  Drone  
  13  0:07  Drone  
  14  0:16  Overlord  
  14  0:20  Extractor  
  13  0:24  Drone  
  15  0:35  Drone x2  
  17  0:53  Hatchery  
  17  0:55  Drone  
  17  0:57  Drone  
  18  1:14  Spawning Pool  
  18  1:17  Extractor, Drone  
  17  1:19  Drone  
  18  1:27  Overlord  
  18  1:37  Drone  
  19  1:49  Overlord  
  19  1:58  Drone  
  20  2:05  Queen  
  20  2:06  Queen  
  24  2:09  Overlord  
  24  2:13  Drone  
  25  2:17  Drone  
  25  2:22  Metabolic Boost  
  26  2:28  Drone  
  27  2:34  Overlord  
  27  2:39  Drone x2  
  29  3:08  Hatchery  
  29  3:11  Zergling x2  
  29  3:12  Zergling x2  
  30  3:14  Drone x2  
  30  3:15  Drone x3  
  35  3:23  Extractor  
  34  3:32  Extractor  
  33  3:38  Drone  
  34  3:44  Drone x3  
  34  3:45  Drone  
  38  3:53  Drone  
  38  3:54  Drone  
  40  3:56  Lair  
  40  4:01  Overlord  
  40  4:07  Queen  
  42  4:10  Zergling x2  
  42  4:11  Zergling x2  
  42  4:14  Zergling x2  
  45  4:18  Zergling x2  
  46  4:24  Overlord  
  46  4:34  Drone x4  
  46  4:35  Drone  
  51  4:47  Overlord  
  51  4:50  Zergling x4  
  53  4:54  Zergling x2  
  53  4:55  Zergling x2  
  53  4:57  Zergling x2  
  53  4:58  Zergling x2  
  57  5:02  Roach Warren  
  57  5:05  Drone  
  57  5:06  Drone x3  
  60  5:12  Queen  
  57  5:40  Spine Crawler  
  49  5:49  Roach x6  
  58  5:50  Roach x6  
  46  6:21  Roach x4  
  46  6:22  Roach  
  53  6:38  Roach x2  
  53  6:52  Drone  
  53  6:53  Drone x2  
  56  6:54  Drone  
  57  7:21  Drone x4  
  57  7:22  Drone x2  
  63  7:36  Drone x3  
  63  7:37  Drone x2  
  68  7:46  Drone x3  
  71  7:55  Pneumatized Carapace  
  71  7:58  Overlord  
  71  8:02  Drone  
  72  8:10  Overlord x2  
  72  8:13  Overseer  
  72  8:15  Overseer  
  72  8:24  Drone  
  72  8:25  Drone x4  
  77  8:45  Hatchery  
Show
View Real Time Build Order
Export as new Build Order

ROMA Terran 

Build Orders:  

Get SALT Encoding   

  12  0:02  SCV  
  13  0:15  Supply Depot  
  13  0:18  SCV  
  14  0:30  SCV  
  15  0:42  SCV  
  16  0:44  Barracks  
  16  0:48  Refinery  
  16  1:00  SCV  
  17  1:12  SCV  
  18  1:25  SCV  
  19  1:36  Barracks Reactor  
  19  1:37  Barracks  
  19  1:41  Supply Depot  
  19  1:45  Orbital Command  
  19  2:15  Marine x2  
  21  2:33  SCV, Marine  
  21  2:34  Barracks Tech Lab, Factory  
  23  2:41  Supply Depot  
  23  2:45  SCV  
  23  2:50  Marine  
  23  2:51  Marine  
  25  2:54  Marauder  
  28  3:04  SCV, Supply Depot  
  29  3:12  Marine x2  
  30  3:16  Marauder, SCV  
  30  3:17  Combat Shield  
  34  3:27  Refinery  
  34  3:28  SCV  
  34  3:49  Factory Reactor  
  34  3:52  Marine x2, Marauder  
  38  4:02  SCV  
  39  4:05  Engineering Bay  
  39  4:10  Marine x2  
  39  4:14  Marauder, SCV  
  44  4:19  Supply Depot  
  44  4:21  Supply Depot  
  44  4:26  Widow Mine  
  46  4:38  Marine  
  46  4:40  Marine, Widow Mine, Marauder  
  46  4:43  Supply Depot  
  52  4:48  Widow Mine  
  52  4:52  Supply Depot, Concussive Shells  
  54  5:00  Marine x2  
  54  5:02  Marauder, Widow Mine  
  60  5:09  Widow Mine  
  62  5:18  Marine x2  
  64  5:23  Marauder, Widow Mine  
  64  5:36  Marine  
  60  5:58  Marine x3  
  59  6:16  Marine  
  59  6:17  Marauder  
  44  6:22  Widow Mine x2  
  44  6:24  Marine  
  47  6:34  Marine  
  47  6:38  Marauder  
  47  6:42  Marine  
  44  6:51  Marine  
  45  6:57  Starport  
  45  6:59  Marine, Missile Turret  
  45  7:00  Marine  
  45  7:01  Command Center  
  47  7:02  Terran Infantry Weapons Level 1  
  47  7:05  Stimpack  
  47  7:09  Marine  
  46  7:17  Marine x2  
  47  7:38  Widow Mine  
  47  7:39  Starport Reactor  
  47  7:42  Marine, Marauder  
  52  7:53  Armory  
  52  8:00  Command Center, Factory  
  52  8:14  SCV  
  53  8:26  SCV, Widow Mine x2  
  58  8:28  Marauder, Marine  
Tags
 
Add a new tag
Caveats
  • Supply blocks, unpowered buildings, or Contaminate may cause inaccurate times.
  • Supply counts are checked every 10 seconds.